 Dungeon Crawl Stone Soup version 0.23.2-1-ga50397a6bc (webtiles) character file.

Game seed: 16597311081629382898

86 Freyura the Twirler (level 4, -1/33 HPs)
             Began as a Demonspawn Gladiator on May 15, 2019.
             Slain by a kobold
             ... wielding a +0 short sword
              (2 damage)
             ... on level 2 of the Dungeon.
             The game lasted 00:03:41 (1443 turns).

Freyura the Twirler (Demonspawn Gladiator)          Turns: 1443, Time: 00:03:41

Health: -1/33      AC:  4    Str: 14    XL:     4   Next: 26%
Magic:  4/4        EV: 18    Int: 10    God:
Gold:   102        SH:  0    Dex: 20    Spells: 3/3 levels left

rFire    . . .     SeeInvis .   a - +0 quarterstaff
rCold    . . .     Gourm    .   (shield currently unavailable)
rNeg     . . .     Faith    .   b - +0 leather armour
rPois    .         Spirit   .   c - +0 helmet
rElec    .         Reflect  .   (no cloak)
rCorr    .         Harm     .   (no gloves)
MR       .....                  (no boots)
Stlth    +++.......             (no amulet)
HPRegen  0.11/turn              (no ring)
MPRegen  0.09/turn              (no ring)

@: agile, lethally poisoned (-1 -> -3)
A: powered by death 2
a: no special abilities


You were on level 2 of the Dungeon.
You were not hungry.

You visited 1 branch of the dungeon, and saw 2 of its levels.

You collected 102 gold pieces.

Inventory:

Hand Weapons
 a - a +0 quarterstaff (weapon)
Missiles
 d - 3 throwing nets (quivered)
Armour
 b - a +0 leather armour (worn)
 c - a +0 helmet (worn)
Scrolls
 j - a scroll of fear {unknown}
 k - 2 scrolls of identify {unknown}
 l - 2 scrolls of teleportation {unknown}
 n - a scroll of magic mapping {unknown}
Potions
 h - a potion of lignification {unknown}
 i - a potion of curing {unknown}
 m - a potion of heal wounds {unknown}
Comestibles
 f - 4 rations


   Skills:
 + Level 2.3 Fighting
 * Level 4.1 Staves
 - Level 1.7 Throwing
 + Level 3.2 Dodging


You had 3 spell levels left.
You didn't know any spells.
Your spell library was empty.

Dungeon Overview and Level Annotations

Branches:
Dungeon (2/15)

Altars:
Kikubaaqudgha


Innate Abilities, Weirdness & Mutations

You regenerate health from kills.


Message History

You kill the adder!
The kobold hits you with a +0 short sword.
* * * LOW HITPOINT WARNING * * *
The kobold hits you with a +0 short sword.
* * * LOW HITPOINT WARNING * * *
You see here an adder corpse.
You closely miss the kobold.
You feel sick.
The kobold hits you with a +0 short sword.
* * * LOW HITPOINT WARNING * * *
The kobold hits you with a +0 short sword.
* * * LOW HITPOINT WARNING * * *
You barely miss the kobold. The kobold hits you but does no damage.
It was a potion of agility.
You feel agile all of a sudden. The kobold hits you but does no damage.
It was a potion of magic.
Magic courses through your body.
* * * LOW HITPOINT WARNING * * *
You feel sick.
The kobold hits you with a +0 short sword.
You die...

#..................
#.###........#.###.
#.# ##.#####..#.#
..# #.#####(###
..##
#.##......##..# .#.
#.##..#........
....
#.##.#(.####.## ##
#. #.......## #
#....K@..#
#.......#.#
#.......###
#.......# #...#...#
#######.# .. #.


You could see a kobold.

Vanquished Creatures
  3 adders (D:2)
  2 worms (D:2)
  4 dart slugs
  3 giant cockroaches
  6 goblins
  8 hobgoblins
  A ball python (D:1)
  5 bats
  4 frilled lizards
  4 kobolds
  6 rats
46 creatures vanquished.

Notes
Turn   | Place    | Note
-------+----------+-------------------------------------------
     0 | D:1      | Freyura the Demonspawn Gladiator began the quest for the
                  | Orb.
     0 | D:1      | Reached XP level 1. HP: 16/16 MP: 1/1
   109 | D:1      | Reached skill level 3 in Staves
   140 | D:1      | Gained mutation: You regenerate a little health from kills.
                  | [demonic ancestry]
   140 | D:1      | Reached XP level 2. HP: 19/22 MP: 2/2
  1099 | D:2      | Gained mutation: You regenerate health from kills. [demonic
                  | ancestry]
  1099 | D:2      | Reached XP level 3. HP: 24/27 MP: 3/3
  1396 | D:2      | Reached skill level 4 in Staves
  1396 | D:2      | Reached XP level 4. HP: 26/33 MP: 4/4
  1400 | D:2      | Found an ancient bone altar of Kikubaaqudgha.
  1440 | D:2      | HP: 1/33 [kobold/+0 short sword (3)]
  1443 | D:2      | Slain by a kobold

Skill      XL: |  1  2  3 |
---------------+----------+-----
Staves         | 3 4 |  4.1
Dodging        | 3 |  3.2
Fighting       | |  2.3
Throwing       | |  1.7

Action                   |  1- 3 |  4- 6 || total
-------------------------+-------+-------++-------
Melee: Quarterstaff      |   122 |    14 ||   136
  Use: Potion            |       |     2 ||     2
  Eat: Chunk             |     2 |       ||     2
Armor: Leather armour    |    26 |     5 ||    31
Dodge: Dodged            |    85 |    11 ||    96
